Map: Blackpink LE

Players

AndrewL - Winner!

  • Race: Protoss Protoss
  • League: Platinum
  • Spawn Location: 7:00

Kozzy

  • Race: Protoss Protoss
  • League: Platinum
  • Spawn Location: 1:00

VOD

Have the link to the VOD?

Description

Time

  • Played on: April 15, 2018, 4:16 p.m.
  • Length: 3:52
Show
View Real Time Build Order
Export as new Build Order

AndrewL Protoss - Winner!

Build Orders: Oracle Opening 

Get SALT Encoding   

  12  0:00  Probe (Chrono Boost)  
  13  0:10  Probe (Chrono Boost)  
  14  0:15  Probe (Chrono Boost)  
  15  0:23  Pylon  
  15  0:41  Probe  
  15  0:42  Gateway  
  16  0:46  Assimilator  
  16  0:48  Assimilator  
  16  0:56  Pylon  
  16  1:00  Probe  
  17  1:12  Probe  
  18  1:25  Probe  
  19  1:31  Cybernetics Core  
  19  1:37  Probe  
  20  1:49  Probe  
  21  2:01  Probe  
  22  2:07  Stargate  
  22  2:13  Probe, Shield Battery  
  23  2:41  Pylon  
  23  2:45  Sentry  
  23  2:48  Oracle (Chrono Boost)  
  28  2:57  Forge  
  28  3:00  Pylon  
  28  3:18  Stalker (Chrono Boost)  
  30  3:20  Gateway x2  
  30  3:23  Pylon  
Show
View Real Time Build Order
Export as new Build Order

Kozzy Protoss 

Build Orders:  

Get SALT Encoding   

  12  0:01  Probe  
  13  0:13  Probe  
  14  0:22  Pylon  
  14  0:25  Probe  
  15  0:40  Probe (Chrono Boost)  
  16  0:44  Gateway  
  16  0:51  Assimilator  
  16  0:52  Probe (Chrono Boost)  
  17  0:58  Probe (Chrono Boost)  
  18  1:06  Probe  
  18  1:07  Pylon  
  19  1:18  Probe  
  20  1:35  Cybernetics Core  
  20  2:05  Forge  
  20  2:07  Pylon  
  20  2:13  Stalker  
  22  2:17  Shield Battery  
  22  2:20  Pylon  
  22  2:28  Gateway  
  22  2:37  Twilight Council  
  22  2:54  Photon Cannon  
  22  2:56  Gateway  
  22  3:04  Gateway  
  22  3:11  Pylon  
  22  3:19  Zealot  
Tags
 
Add a new tag
Caveats
  • Supply blocks, unpowered buildings, or Contaminate may cause inaccurate times.
  • Supply counts are checked every 10 seconds.